 Dungeon Crawl Stone Soup version 0.23.1 (webtiles) character file.

Game seed: 0

3047 vishdafish the Carver (level 9, 0/74 HPs)
             Began as a Demonspawn Fighter on Mar 17, 2019.
             Was a Follower of Yredelemnul.
             Slain by a killer bee (1 damage)
             ... on level 7 of the Dungeon.
             The game lasted 00:11:26 (7594 turns).

vishdafish the Carver (Demonspawn Fighter)          Turns: 7594, Time: 00:11:28

Health: 0/74       AC:  8    Str: 19    XL:     9   Next: 56%
Magic:  0/9        EV:  7    Int: 10    God:    Yredelemnul [*.....]
Gold:   370        SH:  9    Dex: 13    Spells: 8/8 levels left

rFire    . . .     SeeInvis .   a - +0 long sword
rCold    . . .     Gourm    .   c - +0 shield
rNeg     + . .     Faith    .   b - +0 scale mail
rPois    .         Spirit   +   (helmet restricted)
rElec    .         Reflect  .   i - scarf {repulsion}
rCorr    .         Harm     .   (no gloves)
MR       .....                  (no boots)
Stlth    ..........             (no amulet)
HPRegen  0.22/turn              k - ring of positive energy
MPRegen  0.22/turn              (no ring)

@: lethally poisoned (0 -> -14), repel missiles
A: antennae 1, slimy green scales 1, powered by pain 1, magic shield, magic
regeneration
a: Animate Remains, Renounce Religion


You were on level 7 of the Dungeon.
You worshipped Yredelemnul.
Yredelemnul was aware of your devotion.
You were not hungry.

You visited 2 branches of the dungeon, and saw 8 of its levels.

You collected 370 gold pieces.

Inventory:

Hand Weapons
 a - a +0 long sword (weapon)
Armour
 b - a +0 scale mail (worn)
 c - a +0 shield (worn)
 i - a scarf of repulsion (worn)
Jewellery
 k - a ring of positive energy (left hand)
 x - an uncursed amulet of magic regeneration {unknown}
Scrolls
 e - a scroll of magic mapping {unknown}
 g - 2 scrolls of fog
 j - a scroll of fear {unknown}
 l - a scroll of random uselessness {unknown}
 p - 4 scrolls of remove curse {unknown}
 q - 2 scrolls of blinking {unknown}
 r - a scroll of enchant weapon {unknown}
 t - 4 scrolls of enchant armour {unknown}
 u - a scroll of teleportation {unknown}
 v - a scroll of noise {unknown}
 w - 3 scrolls of identify
Potions
 d - a potion of ambrosia {unknown}
 h - a potion of degeneration
 m - a potion of lignification {unknown}
 n - a potion of magic
 o - 2 potions of agility
 s - 2 potions of resistance {unknown}
Comestibles
 f - 6 rations
 A - a chunk of flesh


   Skills:
 - Level 8.1 Fighting
 * Level 9.9 Long Blades
 + Level 3.1 Armour
 + Level 0.5 Dodging
 + Level 3.2 Shields
 * Level 1.3 Invocations


You had 8 spell levels left.
You didn't know any spells.
Your spell library was empty.

Dungeon Overview and Level Annotations

Branches:
Dungeon (7/15)             Temple (1/1) D:4

Altars:
Ashenzari
Cheibriados
Dithmenos
Elyvilon
Fedhas
Hepliaklqana
Kikubaaqudgha
Makhleb
Nemelex Xobeh
Okawaru
Ru
Sif Muna
Trog
Vehumet
Wu Jian
Xom
Yredelemnul
Zin
The Shining One


Innate Abilities, Weirdness & Mutations

You have a pair of small antennae on your head.
You are partially covered in slimy green scales. (AC +2)
You sometimes gain a little power by taking damage.
When hurt, damage is shared between your health and your magic reserves.
You regenerate magic rapidly.


Message History

You closely miss the killer bee.
The killer bee is heavily wounded.
You feel sick. The killer bee stings you.
* * * LOW HITPOINT WARNING * * *
You are more poisoned.
The killer bee poisons you! The killer bee barely misses you.
You hit the killer bee but do no damage.
The killer bee is heavily wounded.
* * * LOW HITPOINT WARNING * * *
You feel sick. The killer bee stings you.
* * * LOW HITPOINT WARNING * * *
The killer bee barely misses you.
You miss the killer bee.
The killer bee is heavily wounded.
* * * LOW HITPOINT WARNING * * *
You feel sick. The killer bee stings you.
* * * LOW HITPOINT WARNING * * *
The killer bee stings you.
You die...
Your body rises from the dead as a mindless zombie.

..#
#.#.###.##....>##
..# ....#
#.###...## #.#
..### #.# ##'##
#.# ..# #.# #.#
..# .. ..####.###
### ###......#
#.#....#
?..#####.)....#
#....y@......#
#..####.##.#.#
#.##.....
#......###
####.### .#


You could see a killer bee.

Vanquished Creatures
  A hungry ghost (D:6)
  Duvessa (D:6)
  2 ice beasts (D:5)
  An orc warrior (D:6)
  2 sky beasts (D:6)
  A black bear (D:5)
  A phantom (D:4)
  7 ogres
  A centaur (D:6)
  Blork the orc (D:6)
  A bullfrog (D:6)
  Dowan (D:6)
  A gnoll sergeant (D:5)
  2 killer bees (D:7)
  4 howler monkeys
  A crimson imp (D:6)
  A jelly (D:6)
  A bullfrog zombie (D:5)
  8 orc wizards
  3 orc priests
  A bullfrog skeleton (D:5)
  3 iron imps (D:3)
  Jessica (D:3)
  An iguana (D:6)
  Terence (D:2)
  Natasha (thrice) (D:2)
  3 worker ants
  12 adders
  3 gnolls
  A howler monkey skeleton (D:6)
  2 oozes
  4 adder skeletons
  4 worms
  4 dart slugs
  5 leopard geckos
  21 orcs
  8 bats
  6 giant cockroaches
  5 hobgoblins
  8 jackals
  4 quokkas
  A ball python (D:1)
  4 frilled lizards
  9 goblins
  8 kobolds
  9 rats
172 creatures vanquished.

Notes
Turn   | Place    | Note
-------+----------+-------------------------------------------
     0 | D:1      | vishdafish the Demonspawn Fighter began the quest for the
                  | Orb.
     0 | D:1      | Reached XP level 1. HP: 18/18 MP: 1/1
   102 | D:1      | Gained mutation: You sometimes gain a little power by
                  | taking damage. [demonic ancestry]
   102 | D:1      | Reached XP level 2. HP: 23/24 MP: 2/2
   211 | D:1      | Reached skill level 2 in Long Blades
   303 | D:1      | Gained mutation: When hurt, damage is shared between your
                  | health and your magic reserves. [demonic ancestry]
   303 | D:1      | Reached XP level 3. HP: 29/29 MP: 3/3
   671 | D:2      | Noticed Natasha
   682 | D:2      | Killed Natasha
   697 | D:2      | Reached XP level 4. HP: 26/36 MP: 4/4
   717 | D:2      | Found a blossoming altar of Fedhas.
   719 | D:2      | Noticed Natasha
   731 | D:2      | Killed Natasha
   731 | D:2      | Reached skill level 3 in Long Blades
   934 | D:2      | Noticed Natasha
   944 | D:2      | Killed Natasha
  1139 | D:2      | Gained mutation: You regenerate magic rapidly. [demonic
                  | ancestry]
  1139 | D:2      | Reached XP level 5. HP: 34/42 MP: 3/5
  1260 | D:2      | Noticed Terence
  1271 | D:2      | Killed Terence
  1670 | D:3      | Reached skill level 4 in Long Blades
  1711 | D:3      | HP: 2/43 [orc wizard/magic dart (3)]
  1712 | D:3      | Gained mutation: You have a pair of small antennae on your
                  | head. [demonic ancestry]
  1712 | D:3      | Reached XP level 6. HP: 2/49 MP: 2/6
  2203 | D:3      | Noticed Jessica
  2212 | D:3      | Killed Jessica
  2637 | D:3      | Found a burning altar of Makhleb.
  2670 | D:3      | Reached skill level 5 in Long Blades
  2883 | D:4      | Reached skill level 5 in Fighting
  2955 | D:4      | HP: 1/51 [ogre/+0 giant club (4)]
  2960 | D:4      | Reached XP level 7. HP: 5/56 MP: 1/7
  2960 | D:4      | HP: 2/84 [orc wizard/magic dart (4)]
  3109 | D:4      | Identified the cursed +0 helmet "Itsuus" {rF+ rC+ rN+
                  | Str-4} (You found it on level 4 of the Dungeon)
  3123 | D:4      | Found a sacrificial altar of Ru.
  3195 | D:4      | HP: 1/56 [ogre/+0 giant spiked club (9)]
  3217 | D:4      | Reached skill level 6 in Long Blades
  3528 | D:4      | Found a staircase to the Ecumenical Temple.
  3550 | Temple   | Entered the Ecumenical Temple
  4030 | D:4      | Reached XP level 8. HP: 24/64 MP: 8/8
  4088 | D:4      | Found a snail-covered altar of Cheibriados.
  4088 | D:4      | Found a basalt altar of Yredelemnul.
  4089 | D:4      | Found a bloodstained altar of Trog.
  4103 | D:4      | Became a worshipper of Yredelemnul the Dark
  4146 | D:5      | Entered Level 5 of the Dungeon
  4162 | D:5      | Reached skill level 7 in Long Blades
  5168 | D:5      | Reached skill level 8 in Long Blades
  5738 | D:6      | Reached * piety under Yredelemnul
  5916 | D:6      | You fall through a shaft!
  6025 | D:6      | Gained mutation: You are partially covered in slimy green
                  | scales. (AC +2) [demonic ancestry]
  6025 | D:6      | Reached XP level 9. HP: 24/72 MP: 6/9
  6305 | D:6      | Reached skill level 9 in Long Blades
  6743 | D:6      | Noticed Duvessa
  6743 | D:6      | Noticed Dowan
  6767 | D:6      | Killed Duvessa
  6793 | D:6      | Killed Dowan
  7046 | D:6      | Found a shattered altar of Ashenzari.
  7256 | D:6      | Found an ancient bone altar of Kikubaaqudgha.
  7382 | D:6      | Noticed Blork the orc
  7396 | D:6      | Killed Blork the orc
  7582 | D:7      | Reached skill level 1 in Invocations
  7594 | D:7      | HP: 1/74 [killer bee (3)]
  7594 | D:7      | Slain by a killer bee

Skill      XL: |  1  2  3  4  5  6  7  8  9 |
---------------+----------------------------+-----
Armour         | 3 |  3.1
Shields        | 3 |  3.2
Long Blades    | 2 3 4 5 6 8 9 |  9.9
Fighting       | 4 5 6 7 8 |  8.1
Invocations    | 1 |  1.3
Dodging        | |  0.5

Action                   |  1- 3 |  4- 6 |  7- 9 || total
-------------------------+-------+-------+-------++-------
Melee: Long sword        |    93 |   216 |   481 ||   790
Throw: Throwing net      |       |     1 |     3 ||     4
  Use: Potion            |       |     5 |     3 ||     8
       Scroll            |       |       |     3 ||     3
 Stab: Held in net/web   |       |       |     1 ||     1
  Eat: Chunk             |       |     5 |     4 ||     9
       Ration            |       |     1 |     4 ||     5
Armor: Scale mail        |    47 |    84 |   196 ||   327
Dodge: Dodged            |    41 |    92 |   116 ||   249
       Deflected         |     1 |     4 |     8 ||    13
Block: Shield            |    46 |   119 |   199 ||   364
       Rpst.: Long sword |    11 |    24 |    31 ||    66
